 Dungeon Crawl Stone Soup version 0.22.1-1-ga44c0e5 (webtiles) character file.

785 harcile the Slasher (level 7, 0/61 HPs)
             Began as a Hill Orc Fighter on Oct 27, 2018.
             Killed by divine providence
             ... invoked by an orc priest
              (10 damage)
             ... on level 4 of the Dungeon.
             The game lasted 00:15:23 (4397 turns).

harcile the Slasher (Hill Orc Fighter)              Turns: 4397, Time: 00:15:24

Health: 0/61       AC: 11    Str: 23 (25) XL:     7   Next: 86%
Magic:  7/7        EV:  8    Int:  7 (8)  God:
Gold:   206        SH: 10    Dex: 11      Spells: 6/6 levels left

rFire    . . .     SeeInvis +   a - +0 long sword
rCold    . . .     Gourm    .   c - +0 shield
rNeg     . . .     Faith    .   v - +0 scale mail
rPois    .         Spirit   .   z - +2 helmet
rElec    .         Reflect  .   e - +0 cloak (curse)
rCorr    .         Harm     .   (no gloves)
MR       .....     Clarity  +   (no boots) Stlth ..........Rnd*Tele +
                                (no amulet)
HPRegen  0.00/turn              j - ring of see invisible
MPRegen  0.10/turn              A - ring of teleportation (curse)

@: mighty
A: clarity, inhibited regeneration
a: Convert to Beogh


You were on level 4 of the Dungeon.
You were not hungry.

You visited 1 branch of the dungeon, and saw 4 of its levels.

You collected 206 gold pieces.

Inventory:

Hand Weapons
 a - a +0 long sword (weapon)
 b - a +0 blowgun
 o - a +1 dagger of venom
 q - a +0 hand axe of electrocution
 u - a +1 mace of protection
 y - a +2 short sword of venom
 D - a +1 mace of protection
Missiles
 p - a throwing net (quivered)
 w - 28 poisoned needles
Armour
 c - a +0 shield (worn)
 e - a cursed +0 cloak (worn)
 i - the +2 robe of Parlour Games {rN+, unknown}
   (You found it on level 4 of the Dungeon)

   It protects you from negative energy.
 v - a +0 scale mail (worn)
 z - a +2 helmet (worn)
Jewellery
 g - an uncursed ring of flight
 j - a ring of see invisible (left hand)
 s - an uncursed ring of poison resistance
 A - a cursed ring of teleportation (right hand)
Scrolls
 h - a scroll of blinking
 l - 4 scrolls of teleportation
 n - 6 scrolls of identify
 t - a scroll of amnesia
Potions
 d - a potion of might
 k - a potion of degeneration
 m - a potion of agility
 r - 2 potions of brilliance
 x - a potion of haste
Comestibles
 f - 9 rations


   Skills:
 + Level 5.2 Fighting
 + Level 6.4 Long Blades
 + Level 5.2 Armour
 + Level 5.5 Shields


You had 6 spell levels left.
You didn't know any spells.
Your spell library was empty.

Dungeon Overview and Level Annotations

Branches:
Dungeon (4/15)
 Temple: D:4-7

Altars:
Fedhas
Makhleb
Ru
The Shining One


Innate Abilities, Weirdness & Mutations

You possess an exceptional clarity of mind.
You do not regenerate when monsters are visible.


Message History

Beogh smites you!
* * * LOW HITPOINT WARNING * * *
The orc wizard hits you but does no damage.
You feel very mighty all of a sudden.
The orc wizard hits you but does no damage. x2
The orc priest invokes the aid of Beogh against you.
The orc wizard writhes in agony!
The orc wizard dies!
Unknown command.
You slash the orc!
You kill the orc!
You slice the orc!!
You kill the orc!
The orc priest looks satisfied for a moment.
The orc priest looks encouraged for a moment.
Items here: ))) [[[ † Your shield prevents you from hitting the orc priest.
The orc priest invokes the aid of Beogh against you.
Beogh smites you!
You die...

#....# #.... #....# #....
#######....# ####...)
#>.........# #.......
#.#.#.)....# ### #....o..
******,#.#......# #.# #..o....
,,,,,*,#.#...#### ###.###.......
****,#.#.....#######.....#.#.#.##
*,#..........@o..........<...> **
*,#####.#..###....#)####......
,***,**,...##.###....#.#*##......
,*,,,*#.#####........#...........
,,,,,*#,* #..o.....#####.......
**,*,,,,*** #........# *#.......
**,*,,,,,,**##.##....# #.#......
,,,*,,,,,,,* #..#....# #.#......
,,.,,,,,,,,* ##.#....# *,#......


You could see an orc priest.

Vanquished Creatures
  An ogre (D:4)
  A centaur (D:3)
  A scorpion (D:4)
  2 bullfrog zombies (D:4)
  2 hounds (D:4)
  2 orc priests (D:4)
  An iguana (D:4)
  3 worker ants (D:4)
  An orc wizard (D:4)
  A hound skeleton (D:4)
  Robin (D:4)
  A gnoll (D:4)
  6 adders
  An ooze (D:2)
  An adder skeleton (D:4)
  2 worms
  A dart slug (D:4)
  3 leopard geckos
  19 orcs
  5 bats
  6 giant cockroaches
  16 goblins
  9 hobgoblins
  15 jackals
  2 quokkas
  5 frilled lizards
  9 kobolds
  A leopard gecko skeleton (D:4)
  A quokka skeleton (D:4)
  15 rats
134 creatures vanquished.

Vanquished Creatures (others)
  An orc wizard (D:4)
1 creature vanquished.

Grand Total: 135 creatures vanquished

Notes
Turn   | Place    | Note
-------+----------+-------------------------------------------
     0 | D:1      | harcile the Hill Orc Fighter began the quest for the Orb.
     0 | D:1      | Reached XP level 1. HP: 19/19 MP: 1/1
   283 | D:1      | Reached XP level 2. HP: 22/27 MP: 2/2
   777 | D:1      | Reached XP level 3. HP: 29/33 MP: 3/3
   918 | D:2      | Reached skill level 3 in Long Blades
  1589 | D:2      | Reached XP level 4. HP: 30/40 MP: 4/4
  2164 | D:3      | Reached XP level 5. HP: 46/46 MP: 5/5
  2204 | D:3      | Noticed a centaur
  2217 | D:3      | Killed a centaur
  2217 | D:3      | Reached skill level 4 in Long Blades
  2680 | D:3      | Reached XP level 6. HP: 53/53 MP: 6/6
  2859 | D:4      | Found a blossoming altar of Fedhas.
  2859 | D:4      | Found a sacrificial altar of Ru.
  2912 | D:4      | Noticed Robin
  2925 | D:4      | Reached skill level 5 in Long Blades
  2952 | D:4      | Killed Robin
  2996 | D:4      | Found a burning altar of Makhleb.
  2996 | D:4      | Found a glowing golden altar of the Shining One.
  3201 | D:4      | Reached skill level 5 in Shields
  3222 | D:4      | Got a shadowed robe
  3261 | D:4      | Reached XP level 7. HP: 20/60 MP: 7/7
  3551 | D:4      | Reached skill level 5 in Fighting
  3694 | D:4      | Reached skill level 6 in Long Blades
  3799 | D:4      | HP: 3/61 [ogre/giant club (24)]
  3801 | D:4      | Gained mutation: You do not regenerate when monsters are
                  | visible. [potion of mutation]
  3801 | D:4      | Gained mutation: You possess an exceptional clarity of
                  | mind. [potion of mutation]
  4120 | D:4      | Reached skill level 5 in Armour
  4397 | D:4      | Killed from afar by an orc priest

Skill      XL: |  1  2  3  4  5  6  7 |
---------------+----------------------+-----
Fighting       | 4 5 |  5.2
Long Blades    | 3 4 5 6 |  6.4
Shields        | 4 5 |  5.5
Armour         | 4 5 |  5.2

Action                   |  1- 3 |  4- 6 |  7- 9 || total
-------------------------+-------+-------+-------++-------
Melee: Long sword        |   103 |   223 |   115 ||   441
       Dagger            |    22 |    13 |       ||    35
       Short sword       |       |       |     5 ||     5
  Use: Scroll            |       |     7 |       ||     7
       Potion            |       |     4 |     2 ||     6
  Eat: Chunk             |     1 |     7 |     4 ||    12
Armor: Scale mail        |    57 |   116 |    40 ||   213
Dodge: Dodged            |    32 |   105 |    29 ||   166
Block: Shield            |    49 |   149 |    52 ||   250
       Rpst.: Long sword |     7 |    30 |    10 ||    47
